 Dungeon Crawl Stone Soup version 0.29.0-11-gd7f09526c8 (webtiles) character file.

Game seed: 2324388135556346110

53159 sanka the Brawler (level 14, -9/144 (150) HPs)
             Began as a Troll Monk on Sept 2, 2022.
             Was a High Priest of Okawaru.
             Mangled by a hell knight
             ... wielding a +3 scimitar
              (22 damage)
             ... on level 1 of the Depths.
             The game lasted 00:36:37 (16252 turns).

sanka the Brawler (Troll Monk)                     Turns: 16252, Time: 00:36:37

HP:   -9/144 (150)  AC: 13    Str: 32    XL:     14   Next: 29%
MP:   0/20          EV: 10    Int:  6    God:    Okawaru [*****.]
Gold: 1689          SH:  0    Dex: 12    Spells: 13/13 levels left

rFire   + + .      SeeInvis .     - Unarmed
rCold   x . .      Faith    .   (no shield)
rNeg    . . .      Spirit   +   x - +0 fire dragon scales
rPois   .          Reflect  .   (helmet restricted)
rElec   .          Harm     .   b - +0 cloak
rCorr   .          Rampage  .   (gloves unavailable)
Will    +....                   (boots unavailable)
Stlth   +.........              J - amulet of guardian spirit
HPRegen 1.14/turn               (no ring)
MPRegen 0.17/turn               c - +6 ring of strength

@: heroic, finesse-ful, lightly drained
A: large, unfitting armour, claws 3, regeneration 1, shaggy fur 1, tough skin 1
a: Renounce Religion, Heroism, Finesse, Duel


You were on level 1 of the Depths.
You worshipped Okawaru.
Okawaru was extremely pleased with you.
You visited 3 branches of the dungeon, and saw 17 of its levels.

You collected 2148 gold pieces.
You spent 459 gold pieces at shops.


Innate Abilities, Weirdness & Mutations

You are too large for most types of armour.
You have claws for hands.
Your natural rate of healing is unusually fast.
You are covered in fur. (AC +1)
You have tough skin. (AC +1)


   Skills:
 + Level 12.9(17.9) Fighting
 - Level 2.4(7.4) Dodging
 - Level 1.0(6.0) Stealth
 + Level 17.5(22.5) Unarmed Combat
 + Level 10.0 Invocations


You had 13 spell levels left.
You didn't know any spells.
Your spell library contained the following spells:

 Spells                   Type           Power      Damage    Failure   Level
 Foxfire                  Conj/Fire      0%         2x1d4     73%         1
 Blink                    Tloc           0%         N/A       86%         2
 Ensorcelled Hibernation  Hex/Ice        0%         N/A       86%         2
 Passwall                 Tmut/Erth      0%         N/A       86%         2
 Static Discharge         Conj/Air       0%         3-3/arc   86%         2
 Conjure Flame            Conj/Fire      0%         6-21      97%         3
 Frozen Ramparts          Ice            0%         1d1       97%         3
 Gell's Gravitas          Tloc           0%         N/A       97%         3
 Ignite Poison            Fire/Tmut/Pois 0%         N/A       97%         3
 Inner Flame              Hex/Fire       0%         N/A       97%         3
 Lesser Beckoning         Tloc           0%         N/A       97%         3
 Ozocubu's Armour         Ice            0%         N/A       97%         3
 Portal Projectile        Hex/Tloc       0%         N/A       97%         3
 Swiftness                Air            0%         N/A       97%         3
 Teleport Other           Tloc           0%         N/A       97%         3
 Flame Wave               Conj/Fire      0%         2d4       100%        4
 Ice Form                 Ice/Tmut       0%         N/A       100%        4
 Leda's Liquefaction      Hex/Erth       0%         N/A       100%        4
 Sticky Flame             Conj/Fire      0%         2d3       100%        4
 Lightning Bolt           Conj/Air       0%         1d11      100%        5
 Manifold Assault         Tloc           0%         N/A       100%        5
 Ozocubu's Refrigeration  Ice            0%         4d7       100%        7
 Maxwell's Capacitive Co  Air            0%         ∞         100%        8
 Call Canine Familiar     Summ           Unusable   N/A       N/A         3
 Summon Ice Beast         Ice/Summ       Unusable   N/A       N/A         4

Inventory:

Hand Weapons
 t - a +3 long sword
 R - the +10 dark maul {vorpal}

   It inflicts extra damage upon your enemies.
Missiles
 a - a silver javelin
 y - 15 large rocks (quivered) {=f}
 G - a curare-tipped dart {=f}
 I - 3 throwing nets {=f}
Armour
 b - a +0 cloak (worn)
 x - +0 fire dragon scales (worn)
 M - the +2 robe "Alycwais" {rElec rF- rC++ Str-4}

   Str:       It affects your strength (-4).
   rF:        It makes you vulnerable to fire.
   rC:        It greatly protects you from cold.
   rElec:     It insulates you from electricity.
 O - a +1 robe of cold resistance
 T - a +2 robe of fire resistance
Magical Staves
 f - a staff of poison
 S - a staff of air
Jewellery
 c - a +6 ring of strength (right claw)
 j - a ring of see invisible
 z - a ring of positive energy
 F - a ring of poison resistance
 J - an amulet of guardian spirit (around neck)
 Q - a ring of ice
Wands
 s - a wand of flame (19)
 A - a wand of digging (6)
 C - a wand of paralysis (22)
 N - a wand of quicksilver (22)
 P - a wand of mindburst (10)
Scrolls
 e - 11 scrolls of teleportation {@r4}
 h - 4 scrolls of enchant armour
 i - 5 scrolls of enchant weapon
 m - 2 scrolls of fog
 n - 4 scrolls of magic mapping
 o - a scroll of vulnerability {!r}
 q - 5 scrolls of immolation {!r}
 r - 2 scrolls of noise {!r}
 u - a scroll of fear
 w - a scroll of poison {!r}
 E - 3 scrolls of torment {!r}
 H - 2 scrolls of silence {!r}
Potions
 d - 6 potions of curing {@q1}
 k - 4 potions of mutation {!q}
 l - 5 potions of flight
 p - 6 potions of heal wounds {@q2}
 v - 3 potions of haste {@q3}
 B - 4 potions of might
 D - 4 potions of lignification {!q}
 K - 3 potions of magic
 L - 2 potions of invisibility
Miscellaneous
 g - a tin of tremorstones (2/2)

Dungeon Overview and Level Annotations

Branches:
Dungeon (15/15)            Temple (1/1) D:6            Lair (0/5) D:10
    Orc (0/2) D:9          Vaults (0/5) D:13         Depths (1/4) D:15

Altars:
Ashenzari
Cheibriados
Dithmenos
Elyvilon
Fedhas
Gozag
Hepliaklqana
Kikubaaqudgha
Makhleb
Nemelex Xobeh
Okawaru
Qazlal
Ru
Sif Muna
Trog
Uskayaw
Vehumet
Wu Jian
Xom
Yredelemnul
Zin
The Shining One

Shops:
D:3 *   D:4 ?   D:8 :   D:9 *   D:12 (

Annotations:
D:10 exclusion: downstairs

▒)▒ ▒▒G▒▒
▒▒▒u..▒▒
▒...D..▒
▒▒.▒▒p▒+▒▒
▒.▒▒..+..▒ ▒▒
▒▒▒...▒..▒▒▒...
▒...pp▒........
▒▒▒▒.T▒........
▒▒.▒<.......
▒.'...)....
▒▒▒▒)▒+▒▒▒▒ ...
..▒▒ .▒▒ .▒ .▒


You could see an ice dragon (summoned), a white ugly thing (summoned), 2 hell
knights, a glowing orange brain and a necromancer (summoned).


Message History

You scratch the hell knight.
The hell knight is heavily wounded.
The hell knight hits you with a +3 scimitar!!
* * * LOW HITPOINT WARNING * * *
You hear a horrible gurgling sound!
Unknown command.
You scratch the hell knight but do no damage.
The hell knight is heavily wounded.
Unknown command.
You barely miss the hell knight.
The hell knight is heavily wounded.
The hell knight hits you with a +3 scimitar!!
* * * LOW HITPOINT WARNING * * *
Unknown command.
The hell knight invokes the aid of its god against you.
The bolt of fire hits you. You resist.
* * * LOW HITPOINT WARNING * * *
There is an open door here.
The hell knight calls down the wrath of its god upon you.
The bolt of fire misses you.
The hell knight attacks as you move away!
The hell knight barely misses you.
The hell knight calls down the wrath of its god upon you.
The bolt of fire hits you! You resist.
* * * LOW HITPOINT WARNING * * *
The hell knight attacks as you move away!
The hell knight hits you with a +3 scimitar!!
You die...

Action                   |  1- 3 |  4- 6 |  7- 9 | 10-12 | 13-15 || total
-------------------------+-------+-------+-------+-------+-------++-------
Melee: Unarmed           |    74 |   130 |   215 |   428 |   215 ||  1062
       Punch             |     1 |     3 |     5 |    42 |    27 ||    78
Throw: Javelin           |       |       |       |     1 |       ||     1
       Large rock        |       |       |       |       |     6 ||     6
Invok: Heroism           |       |       |       |    16 |    16 ||    32
       Finesse           |       |       |       |       |     4 ||     4
  Use: Scroll            |       |     6 |    11 |     9 |     4 ||    30
       Potion            |       |     1 |       |     1 |       ||     2
 Stab: Sleeping          |     5 |     2 |       |       |     2 ||     9
       Paralysed         |       |       |       |     1 |       ||     1
Armor: Robe              |    24 |    38 |    53 |    57 |    14 ||   186
       Skin              |       |       |       |    10 |       ||    10
       Fire dragon scale |       |       |       |       |    11 ||    11
Dodge: Dodged            |    26 |    57 |   126 |   162 |    54 ||   425

Levels and vault maps discovered:
D:1:      elethiomel_arrival_fortress_basement, layout_basic
D:2:      wad_river_or_something, layout_basic,
          hellmonk_ecumenical_altar_run_dry, uniq_crazy_yiuf_cottage
D:3:      layout_basic, xom_confusion_cloud, serial_shops,
          nicolae_shop_behind_doors, corexii_shack
D:4:      layout_gridville, serial_shops, nicolae_stop_n_shop_2,
          minmay_gold_behind_fungi
D:5:      layout_basic, pdpol_temple_overflow_zin_treasury_gozag_greed,
          old_standard_altar
D:6:      layout_cave_pools, minmay_temple_entry_gardened_gates,
          minmay_statues_item, uniq_pikel
D:7:      layout_rooms, lightli_temple_of_fire
D:8:      layout_loops_cross, nicolae_overflow_hidden_temple,
          ebering_ghost_reflecting_pool, serial_shops,
          nicolae_shop_window_shopping, minmay_small_thing
D:9:      layout_gridville, nicolae_ru_great_annihilating_truth, serial_shops,
          shop, gammafunk_ghost_smash, chequers_jeans
D:10:     layout_rooms, mainiacjoe_overflow_catch_the_wave, dpeg_oklobed_lair,
          ebering_ghost_funeral_grove, kennysheep_donut, uniq_fannar
D:11:     layout_basic
D:12:     layout_irregular_city, serial_shops, shop, kiku_gazebo_pond_becter
D:13:     layout_roguey, grunt_vaults_entry_tiered
D:14:     layout_cave_pools, hangedman_decor_riveting,
          hellmonk_guarded_unrand_dark_maul
D:15:     grunt_enter_depths_hoard, layout_long_grid, moated_statue,
          nicolae_qazlal_style_of_elements, uniq_rupert
Temple:   compressed_dpeg_triangle_lava_temple
Depths:1: layout_honeycomb, ebering_ghost_rock_garden,
          nicolae_hell_entry_hellmouth_sunbeams,
          nicolae_gozag_cash_rules_everything_around_me,
          nicolae_tso_carved_into_rock, firewood_loft

Notes
Turn   | Place    | Note
-------+----------+-------------------------------------------
     0 | D:1      | sanka the Troll Monk began the quest for the Orb.
     0 | D:1      | Reached XP level 1. HP: 22/22 MP: 0/0
   160 | D:1      | Reached XP level 2. HP: 29/29 MP: 1/1
   567 | D:1      | Reached skill level 4 in Unarmed Combat
   765 | D:2      | Reached XP level 3. HP: 36/36 MP: 2/2
   792 | D:2      | Found a runed translucent door.
   793 | D:2      | Noticed Crazy Yiuf
  1075 | D:2      | Noticed a necrophage
  1083 | D:2      | Killed a necrophage
  1084 | D:2      | Reached skill level 5 in Unarmed Combat
  1084 | D:2      | Reached XP level 4. HP: 29/44 MP: 3/3
  1169 | D:2      | Found a faded altar of an unknown god.
  1620 | D:2      | HP: 4/44 [Crazy Yiuf/+4 quarterstaff of chaos (1)]
  1621 | D:2      | Killed Crazy Yiuf
  1621 | D:2      | HP: 1/44 [poisoned by Crazy Yiuf]
  1622 | D:2      | Reached XP level 5. HP: 1/50 MP: 4/4
  1830 | D:3      | Found a shimmering altar of Xom.
  2090 | D:3      | Reached skill level 6 in Unarmed Combat
  2265 | D:3      | Found Umakab Jamn's General Store.
  2268 | D:3      | Bought a scroll of identify for 26 gold pieces
  2732 | D:4      | Noticed an ogre
  2737 | D:4      | Killed an ogre
  2738 | D:4      | Reached XP level 6. HP: 49/59 MP: 5/5
  2804 | D:4      | Found Sasittuv's Magic Scroll Boutique.
  2809 | D:4      | Reached skill level 7 in Unarmed Combat
  2815 | D:4      | Bought a scroll of blinking for 97 gold pieces
  2815 | D:4      | Bought a scroll of fear for 52 gold pieces
  2839 | D:4      | Identified the +1 robe "Zuarghish" {rPois rF+ Str-5}
  3631 | D:5      | Entered Level 5 of the Dungeon
  3642 | D:5      | Found a broken altar of Ashenzari.
  3661 | D:4      | Reached skill level 8 in Unarmed Combat
  3703 | D:5      | Reached XP level 7. HP: 54/66 MP: 6/6
  4096 | D:5      | Reached skill level 9 in Unarmed Combat
  4170 | D:5      | Found a glowing silver altar of Zin.
  4238 | D:5      | Reached skill level 10 in Unarmed Combat
  4238 | D:5      | Reached XP level 8. HP: 74/74 MP: 7/7
  4454 | D:5      | Found an opulent altar of Gozag.
  4586 | D:5      | Reached skill level 3 in Fighting
  4816 | D:6      | Noticed Pikel
  4823 | D:6      | Killed Pikel
  4824 | D:6      | Reached skill level 4 in Fighting
  4829 | D:5      | Reached skill level 11 in Unarmed Combat
  4884 | D:5      | Reached XP level 9. HP: 66/85 MP: 8/8
  4927 | D:6      | Reached skill level 5 in Fighting
  5163 | D:8      | Noticed an eight-headed hydra
  5312 | D:6      | Found a staircase to the Ecumenical Temple.
  5325 | Temple   | Entered the Ecumenical Temple
  5714 | D:6      | Identified a scroll of acquirement
  5715 | D:6      | Acquired 792 gold pieces
  6186 | D:7      | Found a burning altar of Makhleb.
  6301 | D:7      | Reached skill level 6 in Fighting
  6512 | D:8      | Found a runed translucent door.
  6513 | D:8      | Noticed p0werm0de's ghost (novice MiFi)
  6588 | D:8      | Reached skill level 12 in Unarmed Combat
  6596 | D:8      | HP: 4/89 [nine-headed hydra (13)]
  6603 | D:8      | Killed a nine-headed hydra
  6722 | D:8      | Reached skill level 7 in Fighting
  6722 | D:8      | Reached XP level 10. HP: 93/102 MP: 9/9
  6958 | D:8      | Noticed a red ugly thing
  7008 | D:8      | Found Boyh's Book Shoppe.
  7093 | D:9      | Noticed yokelz's ghost (journeyman MiBe)
  7093 | D:9      | Noticed a two-headed ogre
  7094 | D:9      | Found a transporter.
  7094 | D:9      | Noticed a two-headed ogre
  7095 | D:9      | Noticed a two-headed ogre
  7097 | D:9      | Noticed a two-headed ogre
  7142 | D:9      | Found Wept's Assorted Antiques.
  7143 | D:9      | Found a staircase to the Orcish Mines.
  7149 | D:9      | Bought a scroll of teleportation for 87 gold pieces
  7149 | D:9      | Bought a scroll of teleportation for 87 gold pieces
  7149 | D:9      | Bought a scroll of identify for 58 gold pieces
  7170 | D:9      | Found a sacrificial altar of Ru.
  7232 | D:9      | Reached skill level 13 in Unarmed Combat
  7290 | D:9      | Reached skill level 8 in Fighting
  7587 | D:8      | Found a blossoming altar of Fedhas.
  7810 | D:10     | Entered Level 10 of the Dungeon
  7863 | D:10     | Identified the +6 mace of Indignation {vorpal, *Rage Drain
                  | Dex+7}
  8016 | D:10     | Found an ornate altar of the Wu Jian Council.
  8046 | D:10     | Found an iron altar of Okawaru.
  8061 | D:10     | Became a worshipper of Warmaster Okawaru
  8061 | D:10     | Reached * piety under Okawaru
  8061 | D:10     | Reached ** piety under Okawaru
  8139 | D:10     | Reached skill level 1 in Invocations
  8150 | D:10     | Reached skill level 2 in Invocations
  8166 | D:10     | Reached XP level 11. HP: 26/113 MP: 2/12
  8306 | D:10     | Found a runed translucent door.
  8308 | D:10     | Noticed Shym's ghost (novice GrFi)
  8311 | D:10     | Identified the +6 trident "Biosauf" {elec, Drain rF+ Dex+4}
  8362 | D:10     | Found a staircase to the Lair.
  8362 | D:10     | Noticed an oklob plant
  8362 | D:10     | Noticed an oklob plant
  8373 | D:10     | Killed an oklob plant
  8374 | D:10     | Reached skill level 3 in Invocations
  8438 | D:10     | Noticed Fannar
  8456 | D:10     | Killed Fannar
  8456 | D:10     | Reached *** piety under Okawaru
  8457 | D:10     | Reached skill level 4 in Invocations
  8557 | D:10     | Noticed a two-headed ogre
  8562 | D:10     | Killed a two-headed ogre
  8861 | D:10     | Killed an oklob plant
  8862 | D:10     | Reached skill level 9 in Fighting
  8862 | D:10     | Reached skill level 14 in Unarmed Combat
  8994 | D:11     | Noticed a centaur warrior
  9005 | D:11     | Killed a centaur warrior
  9007 | D:11     | Reached **** piety under Okawaru
  9008 | D:11     | Noticed a two-headed ogre
  9009 | D:11     | Noticed a brown ugly thing
  9009 | D:11     | Noticed a two-headed ogre
  9013 | D:10     | Killed a two-headed ogre
  9127 | D:11     | Noticed a skeletal warrior
  9128 | D:11     | Noticed a skeletal warrior
  9132 | D:11     | Noticed a skeletal warrior
  9169 | D:10     | Killed a skeletal warrior
  9216 | D:11     | Killed a skeletal warrior
  9491 | D:11     | Killed a two-headed ogre
  9491 | D:11     | Reached ***** piety under Okawaru
  9492 | D:11     | Reached skill level 10 in Fighting
  9508 | D:11     | Killed a skeletal warrior
  9508 | D:11     | Received a gift from Okawaru
 10325 | D:8      | Noticed a two-headed ogre
 10328 | D:8      | Killed a two-headed ogre
 10329 | D:8      | Reached skill level 15 in Unarmed Combat
 10346 | D:8      | Killed a red ugly thing
 10796 | D:12     | Reached XP level 12. HP: 70/126 MP: 7/14
 11021 | D:12     | Noticed an eight-headed hydra
 11026 | D:12     | Killed an eight-headed hydra
 11188 | D:12     | Found Efiudeon's Weapon Emporium.
 11198 | D:12     | Reached skill level 5 in Invocations
 11328 | D:12     | Received a gift from Okawaru
 11481 | D:12     | Found an ancient bone altar of Kikubaaqudgha.
 12131 | D:13     | Reached skill level 6 in Invocations
 12265 | D:13     | Noticed a tengu warrior
 12272 | D:13     | Killed a tengu warrior
 12273 | D:13     | Reached skill level 11 in Fighting
 12289 | D:13     | Noticed a centaur warrior
 12295 | D:13     | Killed a centaur warrior
 12522 | D:13     | Reached skill level 16 in Unarmed Combat
 12527 | D:13     | Reached skill level 7 in Invocations
 12623 | D:13     | Found a gate to the Vaults.
 12623 | D:13     | Noticed a vault guard
 12623 | D:13     | Noticed a vault guard
 12623 | D:13     | Noticed a vault guard
 12641 | D:13     | Killed a vault guard
 12646 | D:13     | Killed a vault guard
 12647 | D:13     | Reached XP level 13. HP: 122/137 MP: 11/17
 12905 | D:14     | Identified the +2 robe "Alycwais" {rElec rF- rC++ Str-4}
                  | (Okawaru gifted it to you on level 14 of the Dungeon)
 12905 | D:14     | Received a gift from Okawaru
 12975 | D:13     | Reached skill level 8 in Invocations
 13117 | D:14     | Noticed an ettin
 13125 | D:14     | Killed an ettin
 13162 | D:14     | Noticed an orc warlord
 13187 | D:14     | Killed an orc warlord
 13188 | D:14     | Reached skill level 12 in Fighting
 13432 | D:14     | Noticed an orc warlord
 13442 | D:14     | Killed an orc warlord
 13825 | D:15     | Entered Level 15 of the Dungeon
 13825 | D:15     | Noticed Rupert
 14048 | D:14     | Reached skill level 17 in Unarmed Combat
 14048 | D:14     | Reached skill level 9 in Invocations
 14298 | D:15     | Found a stormy altar of Qazlal.
 14420 | D:15     | Killed Rupert
 14420 | D:15     | Received a gift from Okawaru
 14780 | D:15     | Reached XP level 14. HP: 99/150 MP: 14/20
 14835 | D:15     | Identified +0 fire dragon scales
 14958 | D:15     | Found a staircase to the Depths.
 15365 | D:9      | Bought a golden potion for 26 gold pieces
 15454 | D:4      | Bought a scroll of identify for 26 gold pieces
 15578 | D:8      | Killed p0werm0de's ghost
 15688 | D:9      | Found a transporter.
 15790 | D:9      | Killed yokelz's ghost
 15933 | D:10     | Identified the +0 robe "Pifu" {Str+3} (Okawaru gifted it to
                  | you on level 10 of the Dungeon)
 15933 | D:10     | Received a gift from Okawaru
 15952 | D:10     | Killed Shym's ghost
 16197 | Depths:1 | Entered Level 1 of the Depths
 16240 | Depths:1 | Reached skill level 10 in Invocations
 16250 | Depths:1 | HP: 12/144 [hell knight/bolt of fire (9)]
 16252 | Depths:1 | Mangled by a hell knight

Vanquished Creatures
  Rupert (D:15)
  2 orc warlords (D:14)
  An ettin (D:14)
  2 fire dragons (D:15)
  The ghost of yokelz the Cleaver, a journeyman MiBe of Trog (D:9)
  Fannar (D:10)
  A hydra (D:12)
  A boulder beetle (D:15)
  3 vault guards (D:13)
  4 centaur warriors
  11 two-headed ogres
  The ghost of p0werm0de the Protected, a novice MiFi of Cheibriados (D:8)
  3 tengu warriors
  The ghost of Shym the Grand Scion, a novice GrFi of Hepliaklqana (D:10)
  4 hell knights (Depths:1)
  A death drake (shapeshifter) (D:14)
  7 skeletal warriors
  Pikel (D:6)
  2 wizards (D:13)
  7 ugly things
  3 deep elf pyromancers
  An orc knight (D:14)
  A necromancer (D:13)
  2 oklob plants (D:10)
  3 cyclopes
  A manticore (D:13)
  2 gargoyles (D:13)
  3 yaktaurs (D:15)
  A kobold demonologist (D:11)
  19 slime creatures
  2 spriggans (D:10)
  2 shadows
  A vampire (D:11)
  22 yaks
  18 humans (D:13)
  A basilisk (D:13)
  2 vampire mosquitoes (D:13)
  2 steam dragons
  3 acid dragons
  2 water moccasins
  2 orc warriors
  4 black bears
  4 ogres
  A phantom (D:5)
  13 centaurs
  4 kobold brigands
  3 gnoll sergeants
  2 necrophages
  4 bullfrogs
  3 scorpions (D:5)
  3 wights (D:10)
  5 howler monkeys
  A lava snake (D:10)
  4 hounds
  5 orc priests
  Crazy Yiuf (D:2)
  2 gnoll boudas
  2 jellies
  4 iguanas (D:5)
  3 orc wizards
  24 gnolls
  4 adders
  2 shadow imps (D:6)
  A white imp (D:7)
  2 ufetubi
  2 worms
  4 dart slugs
  27 orcs
  12 endoplasms
  2 giant cockroaches
  10 goblins
  7 hobgoblins
  5 quokkas
  7 ball pythons
  7 bats
  3 frilled lizards (D:1)
  27 kobolds
  5 rats
367 creatures vanquished.

Vanquished Creatures (collateral kills)
  A hydra (D:8)
1 creature vanquished.

Vanquished Creatures (others)
  An adder (D:3)
  A dart slug (D:3)
  A goblin (D:3)
  A quokka (D:3)
  7 fungi
  15 plants (D:10)
  5 toadstools (D:4)
31 creatures vanquished.

Grand Total: 399 creatures vanquished
